AoeStats
← 无助小羊

Arena

510938470Analyzed
2v2 RM · 8h ago on Oct 3, 2026· 22m 36s· 4 players
Game mode
Random Map
Map size
Medium (4 player)
Population
200
Speed
Normal
Resources
Standard
Victory
Conquest
Starting age
Dark Age
Ending age
Imperial Age
RankedLock teamsTeams togetherTeam positionsShared explorationLock speedFull tech treeHidden civsTurbo modeCheats
Victory
Defeat
🇨🇳 Spanish · China
1465
+12
🇨🇳 Cumans · China
1453
+12
🇨🇴 Vietnamese · Colombia
1399
-13
🇧🇷 Bulgarians · Brazil
1342
-11
吞风吻雨
10:15 Feudal Age
18:52 Castle Age
16:39 Loom
17:20 Double-Bit Axe
17:34 Horse Collar
20:00 Wheelbarrow
22:34 Bow Saw
无助小羊
10:08 Feudal Age
11:19 Loom
13:57 Castle Age
12:29 Stone Mining
12:34 Double-Bit Axe
sebastianschatzp
11:04 Feudal Age
12:11 Horse Collar
12:22 Double-Bit Axe
14:42 Castle Age
16:34 Bow Saw
16:27 Heavy Plow
Publius Varus
7:42 Loom
10:01 Feudal Age
13:43 Castle Age
20:22 Double-Bit Axe
21:57 Bow Saw
21:46 Horse Collar
22:52 Heavy Plow
Connection lost

Rejoining the realm…

Still unreachable

The connection could not be restored.

Session expired

The server has moved on; the page needs a fresh start.